 Dungeon Sprint DCSS version 0.19.0-9-gfd783f2 (webtiles) character file.

163 equalderp2856 the Gouger (level 5, -12/29 HPs)
             Began as a Felid Fighter on Nov 7, 2016.
             Mangled by a deep troll (14 damage)
             ... in the Dungeon (Sprint I: "Red Sonja").
             The game lasted 00:02:51 (433 turns).

equalderp2856 the Gouger (Felid Fighter)             Turns: 433, Time: 00:02:51

Health: -12/29     AC:  2    Str: 14    XL:     5   Next: 20%
Magic:  6/6        EV: 25    Int: 10    God:
Gold:   421        SH:  0    Dex: 15    Spells: 0 memorised, 4 levels left
                                        Lives:  0   Deaths: 2

rFire  . . .     SeeInvis +       - Unarmed
rCold  . . .     Gourm    .     (armour unavailable)
rNeg   . . .     Faith    .     (shield unavailable)
rPois  .         Spirit   .     (helmet unavailable)
rElec  .         Reflect  .     (cloak unavailable)
rCorr  .         Harm     .     (gloves unavailable)
MR     .....     NoTele   +     (boots unavailable)
Stlth  +++.......               (no amulet)
                                (no ring)
                                (no ring)

@: quick
A: no armour, no weapons or thrown items, stealth, claws 1, fangs 3, see
invisible, carnivore 3, speed 1, shaggy fur 2, slow metabolism 1, sharp paws
a: no special abilities


You were in the Dungeon.
You were not hungry.

You visited 1 branch You collected 421 gold pieces.

Inventory:

Scrolls
 h - a scroll of blinking
Potions
 a - a potion of brilliance {unknown}
 c - a potion of curing
 d - a potion of heal wounds
 e - a potion of haste
 f - 2 potions of magic
 g - a potion of degeneration {unknown}
Comestibles
 b - a meat ration


   Skills:
 + Level 7.7 Fighting
 + Level 9.8 Dodging
 + Level 2.8 Stealth
 + Level 12.3 Unarmed Combat


You had 4 spell levels left.
You didn't know any spells.

Dungeon Overview and Level Annotations

Branches:
Dungeon (1/1)

Altars:
Cheibriados
Dithmenos
Elyvilon
Fedhas
Gozag
Hepliaklqana
Kikubaaqudgha
Makhleb
Nemelex Xobeh
Okawaru
Qazlal
Ru
Sif Muna
Trog
Uskayaw
Vehumet
Xom
Yredelemnul
Zin
The Shining One
Jiyva
Lugonu

Shops:
D [

Annotations:
D Sonja


Innate Abilities, Weirdness & Mutations

You cannot wear armour.
You are incapable of wielding weapons or throwing items.
Your paws allow you to move quietly. (Stealth)
You have sharp claws.
You have razor-sharp teeth.
You have supernaturally acute eyesight. (SInv)
You are carnivorous and can eat meat at any time.
You cover ground quickly.
You are covered in thick fur. (AC +2)
You have a slow metabolism.
Your sharp claws are effective at attacking unaware monsters.


Message History

The deep troll is lightly wounded.
The deep troll completely misses you. The deep troll barely misses you.
The deep troll claws you!
You scratch the deep troll but do no damage.
You claw the deep troll, but do no damage.
Your bite misses the deep troll.
The deep troll is lightly wounded.
The deep troll bites you but does no damage.
The deep troll completely misses you. The deep troll misses you.
You mangle the deep troll!!
The deep troll is moderately wounded.
You claw the deep troll!
The deep troll is heavily wounded.
The deep troll closely misses you. The deep troll claws you!
* * * LOW HITPOINT WARNING * * *
The deep troll completely misses you.
You scratch the deep troll.
The deep troll is severely wounded.
The deep troll bites you!
You die...

##########################
#<.#..').#.)'..#__#..+..K#
#..').#..'..#..'^.'..#.G.#
#..#####'#####'#__#### ..+
#..####..#...#.####§ ##
#..#__####..##.#§≈§§c
#..#_____##'#(.§§§§§§
#⌠⌠#_.∩..@T..†_#≈§§§c#
####_..__##_(#'##+####
#_____###'#.#()?$#
#########.####'###
.....'$†$'$$.$$+
++####$.$####### ##.## #+#


You could see a deep troll.

Vanquished Creatures
  A slime creature (D)
  A yak (D)
  Sigmund (D)
  An ogre (D)
  A jelly (D)
  Ijyb (D)
6 creatures vanquished.

Notes
Turn   | Place    | Note
-------+----------+-------------------------------------------
     0 | D        | equalderp2856 the Felid Fighter began the quest for the Orb.
     0 | D        | Reached XP level 1. HP: 10/10 MP: 2/2
     2 | D        | Noticed Ijyb
    14 | D        | Killed Ijyb
    14 | D        | Reached skill level 5 in Dodging
    14 | D        | Reached skill level 5 in Unarmed Combat
    14 | D        | Reached XP level 2. HP: 9/15 MP: 3/3
   128 | D        | Noticed an ogre
   133 | D        | Killed an ogre
   133 | D        | Reached skill level 5 in Fighting
   133 | D        | Reached skill level 8 in Unarmed Combat
   133 | D        | Reached XP level 3. HP: 19/19 MP: 4/4
   133 | D        | Reached XP level 4. HP: 23/23 MP: 5/5
   137 | D        | Noticed Sigmund
   145 | D        | Killed Sigmund
   145 | D        | Reached skill level 10 in Unarmed Combat
   145 | D        | Reached XP level 5. HP: 15/28 MP: 6/6
   172 | D        | Found a burning altar of Makhleb.
   172 | D        | Found a viscous altar of Jiyva.
   172 | D        | Found a shimmering altar of Xom.
   172 | D        | Found a corrupted altar of Lugonu.
   172 | D        | Noticed a slime creature
   175 | D        | Killed a slime creature
   175 | D        | Reached skill level 11 in Unarmed Combat
   175 | D        | Gained mutation: You are covered in thick fur. (AC +2) [Felid growth]
   175 | D        | Reached XP level 6. HP: 21/33 MP: 7/7
   178 | D        | Found a deep blue altar of Sif Muna.
   180 | D        | Found a radiant altar of Vehumet.
   186 | D        | Reached skill level 1 in Stealth
   320 | D        | Noticed a kobold demonologist
   320 | D        | Noticed a floating eye
   334 | D        | Noticed a centaur warrior
   334 | D        | Noticed a centaur warrior
   346 | D        | Noticed Sonja
   368 | D        | Found Oxowner's Antique Armour Emporium.
   368 | D        | Found an ancient bone altar of Kikubaaqudgha.
   368 | D        | Found a hazy altar of Hepliaklqana.
   368 | D        | Found a stormy altar of Qazlal.
   368 | D        | Found a hide-covered altar of Uskayaw.
   368 | D        | Found a blossoming altar of Fedhas.
   368 | D        | Found a bloodstained altar of Trog.
   368 | D        | Found an iron altar of Okawaru.
   368 | D        | Found a basalt altar of Yredelemnul.
   368 | D        | Found a glowing golden altar of the Shining One.
   368 | D        | Found a snail-covered altar of Cheibriados.
   368 | D        | Found a sacrificial altar of Ru.
   368 | D        | Found a glowing silver altar of Zin.
   368 | D        | Found a shadowy altar of Dithmenos.
   368 | D        | Found a white marble altar of Elyvilon.
   368 | D        | Noticed a yak
   369 | D        | Found an opulent altar of Gozag.
   370 | D        | Killed a yak
   370 | D        | Reached skill level 12 in Unarmed Combat
   370 | D        | Reached XP level 7. HP: 36/36 MP: 8/8
   371 | D        | Found a sparkling altar of Nemelex Xobeh.
   391 | D        | Slain by Sonja
   392 | D        | Reached XP level 6. HP: -1/33 MP: 7/7
   411 | D        | Mangled by Sonja
   412 | D        | Reached XP level 5. HP: -6/29 MP: 6/6
   413 | D        | Noticed a deep troll
   433 | D        | Mangled by a deep troll

Skill      XL: |  1  2  3  4  5  6 |
---------------+-------------------+-----
Fighting       | 4 5 6 7 |  7.7
Dodging        | 5 6 8 9 |  9.8
Unarmed Combat | 5 8 10 11 12 | 12.3
Stealth        | 2 |  2.8

Action                   |  1- 3 |  4- 6 |  7- 9 || total
-------------------------+-------+-------+-------++-------
Melee: Unarmed           |    15 |    21 |     4 ||    40
       Bite              |     2 |       |       ||     2
       Punch             |     1 |     2 |       ||     3
  Use: Potion            |     2 |       |       ||     2
 Stab: Sleeping          |       |     3 |       ||     3
Armor: Skin              |     1 |     2 |     1 ||     4
Dodge: Dodged            |    11 |    37 |     9 ||    57
